Map: Hecate LE

Players

cyan - Winner!

  • Race: Protoss Protoss
  • League: Master
  • Spawn Location: 7:00

DnS

  • Race: Protoss Protoss
  • Spawn Location: 1:00

VOD

Have the link to the VOD?

Description

Time

  • Played on: Dec. 28, 2023, 10:26 a.m.
  • Length: 8:57
Show
View Real Time Build Order
Export as new Build Order

cyan Protoss - Winner!

Build Orders:  

Get SALT Encoding   

  12  0:00  Probe  
  13  0:12  Probe  
  14  0:17  Pylon  
  14  0:24  Probe (Chrono Boost)  
  15  0:37  Probe (Chrono Boost)  
  15  0:39  Gateway  
  16  0:45  Probe (Chrono Boost)  
  17  0:51  Probe  
  17  0:54  Assimilator  
  17  0:56  Assimilator  
  18  1:03  Probe (Chrono Boost)  
  19  1:06  Gateway  
  19  1:13  Probe (Chrono Boost)  
  19  1:18  Probe (Chrono Boost)  
  21  1:26  Cybernetics Core  
  21  1:29  Probe  
  21  1:32  Pylon  
  22  1:41  Probe  
  23  1:53  Probe  
  24  2:03  Stalker x2  
  24  2:05  Warp Gate (Chrono Boost)  
  28  2:11  Pylon  
  29  2:19  Pylon  
  29  2:21  Probe  
  29  2:33  Stalker x2  
  33  2:44  Gateway  
  33  2:45  Robotics Facility  
  33  3:02  Pylon  
  33  3:05  Sentry  
  35  3:09  Shield Battery  
  35  3:19  Pylon  
  35  3:29  Warp Prism (Chrono Boost)  
  37  3:35  Shield Battery  
  37  3:47  Adept x2  
  37  3:48  Adept  
  43  4:02  Immortal  
  46  4:11  Sentry  
  46  4:16  Stalker  
  50  4:23  Pylon  
  50  4:28  Stalker  
  52  4:53  Pylon  
  52  5:01  Gateway  
  52  5:08  Immortal (Chrono Boost)  
  52  5:09  Pylon  
  54  5:32  Adept x2  
  62  5:45  Pylon  
  62  5:49  Observer (Chrono Boost)  
  59  5:52  Pylon  
  59  5:57  Sentry  
  59  5:58  Stalker, Immortal  
  67  6:07  Stalker  
  69  6:25  Stalker x2  
  73  6:32  Stalker  
  75  6:53  Stalker x2  
  79  6:56  Stalker  
  73  7:25  Stalker  
  73  7:26  Stalker x2  
  73  7:29  Pylon  
  74  7:49  Adept x3  
  74  7:51  Probe  
  73  8:03  Probe  
  74  8:12  Stalker  
  76  8:26  Sentry  
Show
View Real Time Build Order
Export as new Build Order

DnS Protoss 

Build Orders:  

Get SALT Encoding   

  12  0:00  Probe  
  13  0:12  Probe  
  14  0:18  Pylon  
  14  0:24  Probe (Chrono Boost)  
  15  0:37  Probe (Chrono Boost)  
  15  0:39  Gateway  
  16  0:45  Probe (Chrono Boost)  
  16  0:47  Assimilator  
  17  0:51  Probe  
  17  0:55  Assimilator  
  18  1:03  Probe (Chrono Boost)  
  19  1:07  Gateway  
  19  1:13  Probe (Chrono Boost)  
  19  1:18  Probe (Chrono Boost)  
  21  1:26  Cybernetics Core  
  21  1:32  Probe  
  22  1:37  Pylon  
  22  1:44  Probe  
  23  2:02  Robotics Facility  
  23  2:04  Stalker  
  23  2:05  Stalker  
  23  2:08  Warp Gate  
  27  2:16  Pylon  
  27  2:19  Probe  
  28  2:34  Stalker  
  28  2:36  Stalker  
  32  2:50  Immortal (Chrono Boost)  
  36  3:01  Shield Battery  
  36  3:04  Sentry  
  38  3:12  Pylon  
  38  3:28  Warp Prism (Chrono Boost)  
  40  3:55  Stalker x2  
  42  4:00  Observer  
  45  4:09  Pylon  
  45  4:28  Immortal  
  49  4:33  Nexus  
  49  4:44  Stalker  
  46  4:58  Probe  
  47  5:11  Probe  
  48  5:17  Sentry  
  48  5:18  Stalker  
  51  5:26  Probe (Chrono Boost)  
  52  5:36  Probe (Chrono Boost)  
  52  5:41  Pylon  
  52  5:46  Twilight Council  
  52  5:52  Probe  
  52  5:55  Sentry  
  52  5:57  Sentry  
  56  6:08  Probe  
  56  6:09  Observer  
  54  6:12  Probe  
  55  6:21  Probe  
  56  6:27  Blink (Chrono Boost)  
  56  6:33  Probe  
  56  6:34  Probe  
  58  6:40  Adept  
  58  6:45  Probe  
  58  6:46  Probe  
  62  6:57  Probe  
  62  6:59  Stalker  
  65  7:05  Probe  
  63  7:09  Shield Battery, Probe  
  63  7:11  Pylon  
  64  7:22  Adept x2  
  64  7:26  Shield Battery  
  68  7:49  Stalker x2  
  62  7:57  Shield Battery  
  62  7:58  Shield Battery  
  60  8:02  Shield Battery  
  55  8:07  Immortal  
  57  8:17  Pylon  
  51  8:33  Pylon  
  51  8:35  Pylon  
Tags
 
League
Master
Matchup
PvP
Player
DnS
Replay Pack
December 2023
Spawn Locations
Cross Positions
Add a new tag
Caveats
  • Supply blocks, unpowered buildings, or Contaminate may cause inaccurate times.
  • Supply counts are checked every 10 seconds.